 Dungeon Crawl Stone Soup version 0.27-a0-836-gfc908b8576 (webtiles) character file.

Game seed: 18289042157963957755

488 frogmouthbird the Cudgeller (level 7, -9/57 HPs)
             Began as a Hill Orc Fighter on Mar 31, 2021.
             Killed by nerve-wracking pain
             ... invoked by an orc priest
              (11 damage)
             ... on level 5 of the Dungeon.
             The game lasted 00:04:13 (3868 turns).

frogmouthbird the Cudgeller (Hill Orc Fighter)      Turns: 3868, Time: 00:04:14

Health: -9/57      AC:  7    Str: 20    XL:     7   Next: 13%
Magic:  7/7        EV:  7    Int:  9    God:
Gold:   114        SH:  9    Dex: 10    Spells: 6/6 levels left

rFire    . . .     SeeInvis +   a - +0 war axe (venom)
rCold    + . .     Faith    .   c - +0 kite shield
rNeg     . . .     Spirit   .   d - +1 scale mail {rC+}
rPois    +         Reflect  .   (no helmet)
rElec    .         Harm     .   (no cloak)
rCorr    .         Rampage  .   (no gloves)
Will     .....                  (no boots)
Stlth    ..........             (no amulet)
HPRegen  0.19/turn              k - ring of poison resistance
MPRegen  0.10/turn              l - ring of see invisible

@: no status effects
A: no striking features
a: Convert to Beogh


You were on level 5 of the Dungeon.
You visited 1 branch of the dungeon, and saw 5 of its levels.

You collected 114 gold pieces.

Inventory:

Hand Weapons
 a - a +0 war axe of venom (weapon)
 m - a +2 hand axe of venom
Armour
 c - a +0 kite shield (worn)
 d - a +1 scale mail of cold resistance (worn)
Jewellery
 k - a ring of poison resistance (left hand)
 l - a ring of see invisible (right hand)
Wands
 e - a wand of paralysis (8)
Scrolls
 b - a scroll of immolation {unknown}
 j - a scroll of amnesia {unknown}
 n - a scroll of fear {unknown}
Potions
 f - 2 potions of flight
 i - 2 potions of lignification


   Skills:
 - Level 3.6 Fighting
 - Level 2.6(6.5) Axes
 + Level 7.8(8.0) Maces & Flails
 - Level 3.2 Armour
 - Level 3.2 Shields


You had 6 spell levels left.
You didn't know any spells.
Your spell library contained the following spells:

 Spells                   Type           Power      Damage    Failure   Level
 Animate Skeleton         Necr           0%         N/A       99%         1
 Apportation              Tloc           0%         N/A       99%         1
 Corona                   Hex            0%         N/A       99%         1
 Magic Dart               Conj           0%         1d3       99%         1
 Summon Small Mammal      Summ           0%         N/A       99%         1
 Blink                    Tloc           N/A        N/A       100%        2
 Call Imp                 Summ           0%         N/A       100%        2
 Slow                     Hex            0%         N/A       100%        2
 Conjure Flame            Conj/Fire      0%         6-21      100%        3
 Mephitic Cloud           Conj/Pois/Air  0%         N/A       100%        3


Dungeon Overview and Level Annotations

Branches:
Dungeon (5/15)
 Temple: D:4-7

Altars:
Elyvilon
Fedhas
Wu Jian


Message History

Blork the orc hits you but does no damage.
The orc priest invokes the aid of Beogh against you.
You struggle to resist.
You closely miss the orc priest. You hit Blork the orc.
Blork the orc looks as sick as possible!
The orc priest shouts, "Join the one true god or die!"
Blork the orc zaps a wand.
The puff of flame hits you! You block the orc priest's attack.
Blork the orc zaps a wand.
The puff of flame hits you!
You hit the orc priest.
The orc priest is poisoned.
The orc priest is moderately wounded.
The orc priest shouts, "Join the one true god or die!"
You slash Blork the orc!
Blork the orc looks as sick as possible!
The orc priest hits you but does no damage.
Blork the orc zaps a wand.
The puff of flame hits you.
You closely miss the orc priest.
The orc priest is heavily wounded.
You closely miss Blork the orc.
The orc priest calls down the wrath of Beogh upon you.
Beogh smites you!
* * * LOW HITPOINT WARNING * * *
Blork the orc barely misses you. You block the orc priest's attack.
Blork the orc begins to cast a cantrip, but forgets the words!
You barely miss the orc priest.
The orc priest is heavily wounded.
You closely miss Blork the orc. You block the orc priest's attack.
Blork the orc zaps a wand.
The puff of flame hits you!
* * * LOW HITPOINT WARNING * * *
Unknown command.
You closely miss the orc priest.
The orc priest is heavily wounded.
You hit Blork the orc but do no damage.
Blork the orc looks as sick as possible!
You kill Blork the orc!
The orc priest hits you with a +0 hand axe.
* * * LOW HITPOINT WARNING * * *
The orc priest invokes the aid of Beogh against you.
Pain shoots through your body!
You die...

###....## ....#
##.......# .....
#........##.....
............... .
....[....!... ...
#...........
.....#...........
......)@.<....#
......#o.[#......
..... #...# .....
#... ....... ....
#.. ..#.....# ..#
.............. .#
. ............. .
.............


You could see an orc priest (very poisoned).

Vanquished Creatures
  An orc warrior (D:4)
  A necrophage (D:4)
  An ogre (D:4)
  Blork the orc (D:5)
  A howler monkey (D:4)
  2 hounds (D:4)
  6 adders
  A worm (D:2)
  5 orcs
  7 endoplasms
  3 giant cockroaches
  4 goblins
  8 hobgoblins
  5 jackals
  9 kobolds
  2 quokkas
  3 ball pythons
  3 bats
  4 frilled lizards
  A quokka skeleton (D:4)
  2 rats (D:1)
70 creatures vanquished.

Notes
Turn   | Place    | Note
-------+----------+-------------------------------------------
     0 | D:1      | frogmouthbird the Hill Orc Fighter began the quest for the
                  | Orb.
     0 | D:1      | Reached XP level 1. HP: 19/19 MP: 1/1
    33 | D:1      | Reached skill level 1 in Maces & Flails
   247 | D:1      | Reached XP level 2. HP: 26/26 MP: 2/2
   394 | D:1      | Reached skill level 2 in Maces & Flails
   782 | D:1      | Reached XP level 3. HP: 29/31 MP: 3/3
  1046 | D:2      | Reached skill level 3 in Maces & Flails
  1316 | D:2      | Found a white marble altar of Elyvilon.
  1734 | D:3      | Found a blossoming altar of Fedhas.
  1854 | D:3      | Reached XP level 4. HP: 38/39 MP: 4/4
  1906 | D:3      | Reached skill level 4 in Maces & Flails
  2722 | D:4      | Reached skill level 5 in Maces & Flails
  2722 | D:4      | Reached XP level 5. HP: 28/45 MP: 5/5
  2864 | D:4      | Noticed an ogre
  2877 | D:4      | Killed an ogre
  2878 | D:4      | Reached skill level 6 in Maces & Flails
  3014 | D:4      | Found an ornate altar of the Wu Jian Council.
  3160 | D:4      | Reached XP level 6. HP: 40/51 MP: 6/6
  3261 | D:4      | Noticed a necrophage
  3270 | D:4      | Killed a necrophage
  3427 | D:4      | Reached skill level 7 in Maces & Flails
  3648 | D:5      | Entered Level 5 of the Dungeon
  3648 | D:5      | Noticed an orc warrior
  3656 | D:4      | Killed an orc warrior
  3657 | D:4      | Reached XP level 7. HP: 28/57 MP: 7/7
  3808 | D:5      | Noticed Blork the orc
  3868 | D:5      | Killed Blork the orc
  3868 | D:5      | HP: 2/57 [orc priest/+0 hand axe (2)]
  3868 | D:5      | Killed from afar by an orc priest

Illustrated notes

Levels and vault maps discovered:
D:1:      eino_arrival_cavern_d, layout_loops_corners
D:2:      layout_loops_cross, lemuel_coloured_pillars_altar, serial_glass,
          glass_columns_b, glass_columns_c, chequers_serial_rivers_micro_c
D:3:      layout_loops_ring, fedhas_altar_fruit_tree
D:4:      layout_basic, nicolae_wu_jian_wuxing_cycle
D:5:      layout_cave_pools, grunt_gozag_statues, uniq_eustachio,
          uniq_blork_the_orc

Skill      XL: |  1  2  3  4  5  6 |
---------------+-------------------+-----
Maces & Flails | 1 2 3 5 6 7 |  7.8
Fighting       | |  3.6
Axes           | |  2.6
Armour         | |  3.2
Shields        | |  3.2

Action                   |  1- 3 |  4- 6 |  7- 9 || total
-------------------------+-------+-------+-------++-------
Melee: War axe           |    82 |    97 |    14 ||   193
  Use: Scroll            |     5 |     1 |       ||     6
       Potion            |       |     1 |     2 ||     3
Armor: Scale mail        |    27 |    43 |     4 ||    74
Dodge: Dodged            |    15 |    29 |     4 ||    48
Block: Kite shield       |    43 |    44 |    11 ||    98

Table legend: (Time is in decaauts)
 A = Elapsed time spent in this place.
 B = Non-inter-level travel time spent in this place.
 C = Inter-level travel time spent in this place.
 D = Time resting spent in this place.
 E = Time spent auto-exploring this place.
 F = Levels seen in this place.
 G = Mean time per level.
                   A        B        C        D        E       F      G
               +--------+--------+--------+--------+--------+-----+--------+
         Total |   3968 |   3901 |     67 |    341 |   3045 |   5 |  793.6 |
       Dungeon |   3968 |   3901 |     67 |    341 |   3045 |   5 |  793.6 |
               +--------+--------+--------+--------+--------+-----+--------+

Top non-repeatable levels by time:
     D:4: 1201 daAuts
     D:3: 983 daAuts
     D:1: 979 daAuts
     D:2: 778 daAuts
     D:5: 24 daAuts
